 Dungeon Crawl Stone Soup version 0.24.0-123-gd5b16e6ec5 (webtiles) character file.

Game seed: 12999130073293244400, levelgen mode: deterministic

49 AuftragZ the Charmwright (level 3, -5/29 HPs)
             Began as a Draconian Skald on Jan 31, 2020.
             Slain by an orc
             ... wielding a +0 flail
              (6 damage)
             ... on level 3 of the Dungeon.
             The game lasted 00:06:34 (2007 turns).

AuftragZ the Charmwright (Draconian Skald)          Turns: 2007, Time: 00:06:35

Health: -5/29      AC: 13    Str: 14    XL:     3   Next: 51%
Magic:  5/6        EV: 12    Int: 13    God:
Gold:   124        SH:  0    Dex: 10    Spells: 5/6 levels left

rFire    . . .     SeeInvis .   d - +1 mace (protect)
rCold    . . .     Gourm    .   (no shield)
rNeg     . . .     Faith    .   (armour unavailable)
rPois    .         Spirit   .   (helmet restricted)
rElec    .         Reflect  .   (no cloak)
rCorr    .         Harm     .   g - +0 pair of gloves
MR       .....                  (no boots)
Stlth    +.........             (no amulet)
HPRegen  0.09/turn              (no ring)
MPRegen  0.10/turn              (no ring)

@: protection aura
A: unfitting armour, cold-blooded, AC +5
a: no special abilities


You were on level 3 of the Dungeon.
You were hungry.

You visited 1 branch of the dungeon, and saw 3 of its levels.

You collected 124 gold pieces.

Inventory:

Hand Weapons
 a - a +0 short sword
 d - a +1 mace of protection (weapon)
Missiles
 e - 15 poisoned darts (quivered)
Armour
 g - a +0 pair of gloves (worn)
Jewellery
 i - an uncursed ring of protection from cold
Scrolls
 b - a scroll of teleportation
 h - 2 scrolls of remove curse
Comestibles
 c - 5 rations


   Skills:
 + Level 2.2 Fighting
 - Level 2.0 Short Blades
 * Level 1.4 Maces & Flails
 + Level 0.1 Throwing
 + Level 2.6 Dodging
 + Level 2.2 Spellcasting
 + Level 3.1 Charms


You had 5 spell levels left.
You knew the following spells:

 Your Spells              Type           Power        Failure   Level  Hunger
a - Infusion              Chrm           #...         7%          1    ##.....

Your spell library contained the following spells:

 Spells                   Type           Power        Failure   Level  Hunger
 Song of Slaying          Chrm           #.......     11%         2    ###....
 Shroud of Golubria       Chrm/Tloc      #.....       21%         2    ###....
 Regeneration             Chrm/Necr      #.........   36%         3    ####...
 Spectral Weapon          Hex/Chrm       #.......     36%         3    ####...


Dungeon Overview and Level Annotations

Branches:
Dungeon (3/15)

Altars:
Hepliaklqana


Innate Abilities, Weirdness & Mutations

Your plain brown scales are hard. (AC +5)
You cannot fit into any form of body armour.
You are cold-blooded and may be slowed by cold attacks.


Message History

The orc barely misses you.
Casting: Infusion (safe; 7% risk of failure)
Confirm with . or Enter, or press ? or * to list all spells.
Okay, then.
You barely miss something. Something hits you but does no damage.
The frilled lizard barely misses you. The orc hits you but does no damage.
Something hits you but does no damage. The orc barely misses you.
Something barely misses you.
You see here a goblin corpse.
You hit the orc but do no damage. The frilled lizard barely misses you.
You hear some strange, mumbled words.
A magic dart appears from out of thin air!
The magic dart hits you!
* * * LOW HITPOINT WARNING * * *
The orc barely misses you. The frilled lizard closely misses you.
You aren't carrying any potions.
Okay, then.
You closely miss the frilled lizard. Something hits you but does no damage.
The orc hits you with a +0 flail.
You die...

#(#######....###.#
.................#
######.#..########
####.#..#.....#.
####...÷#.....##.#.
#.......#........#.
#####....##.#<#)###..#.
#.().)o..##.#...# #....
.....####@l.##.#.#.###....
.............#.#.......÷.)
. ...######..#.#..#.#####.
...#.#..........
...#.##.#.###### ...#
#.#..##### .## #.÷...<..#
.# #........#
#.##........#


You could see an orc and a frilled lizard.

Vanquished Creatures
  A dart slug (D:2)
  3 leopard geckos (D:2)
  5 orcs (D:3)
  2 giant cockroaches (D:2)
  5 goblins
  4 hobgoblins
  A ball python (D:2)
  5 bats
  3 frilled lizards (D:2)
  6 kobolds
  2 rats
37 creatures vanquished.

Notes
Turn   | Place    | Note
-------+----------+-------------------------------------------
     0 | D:1      | AuftragZ the Draconian Skald began the quest for the Orb.
     0 | D:1      | Reached XP level 1. HP: 17/17 MP: 3/3
   817 | D:2      | Reached XP level 2. HP: 24/24 MP: 5/5
   868 | D:2      | Found a hazy altar of Hepliaklqana.
  1216 | D:2      | Reached skill level 3 in Charms
  1308 | D:2      | Reached XP level 3. HP: 27/29 MP: 6/6
  1702 | D:3      | Reached skill level 1 in Maces & Flails
  2006 | D:3      | HP: 1/29 [something/magic dart (8)]
  2007 | D:3      | Slain by an orc

Levels and vault maps discovered:
D:1:      psy_arrival_dodecagon, layout_basic
D:2:      layout_basic, lemuel_coloured_pillars_altar, first_ration,
          grunt_decor_resistance
D:3:      minmay_chambers_of_twos, layout_basic, lemuel_tele_altar

Skill      XL: |  1  2  3 |
---------------+----------+-----
Charms         | 3 |  3.1
Maces & Flails | 1 |  1.4
Fighting       | |  2.2
Short Blades   | |  2.0
Throwing       | |  0.1
Dodging        | |  2.6
Spellcasting   | |  2.2

Action                   || total
-------------------------++-------
Melee: Mace              ||   102
       Tailslap          ||     8
Throw: Dart              ||     4
 Cast: Infusion          ||     1
  Use: Scroll            ||    10
       Potion            ||     5
 Stab: Sleeping          ||     1
  Eat: Chunk             ||     3
Armor: Skin              ||    50
Dodge: Dodged            ||   105
